 Dungeon Crawl Stone Soup version bcrawl-1.13.1 (webtiles) character file.

Game seed: 9221901674738286775

54369 Chiseanne the Carver (level 14, 0/110 HPs)
             Began as a Demonspawn Archaeologist on Aug 2, 2019.
             Was an Initiate of Gozag.
             Slain by an elephant (17 damage)
             ... on level 4 of the Lair of Beasts.
             The game lasted 01:00:31 (18004 turns).

Chiseanne the Carver (Demonspawn Archaeologist)    Turns: 18004, Time: 01:00:31

Health: 0/110      AC:  4    Str: 10    XL:     14   Next: 34%
Magic:  0/28       EV: 23    Int: 20    God:    Gozag
Gold:   1598       SH: 13    Dex: 20    Spells: 7/33 levels left

rFire    . . .     SeeInvis .   f - +8 demon blade "Leech" {vamp, rN+ AC-3 EV-3}
rCold    . . .     Gourm    .   K - +1 buckler "Apify" {Regen+ Str-3 Int+4}
rNeg     + + .     Faith    .   v - +2 robe {rN+}
rPois    +         Spirit   +   z - +1 hat
rElec    .         Reflect  .   B - scarf {Spirit}
rCorr    .         Harm     .   (no gloves)
MR       ++...                  y - +1 pair of boots {Fly}
Stlth    ++++......             F - amulet of regeneration
HPRegen  1.08/turn              l - ring of poison resistance
MPRegen  0.21/turn              j - ring of protection from magic

@: agile, lethally poisoned (0 -> -1), flying
A: claws 1, horns 2, talons 2, powered by pain 2, rot immunity
a: Potion Petition, Call Merchant, Bribe Branch, Renounce Religion, Stop Flying


You were on level 4 of the Lair of Beasts.
You worshipped Gozag.
Gozag was most pleased with you.
You were not hungry.

You visited 2 branches of the dungeon, and saw 16 of its levels.
You also visited: Ossuary.

You collected 4031 gold pieces.
You spent 904 gold pieces at shops.
You paid 1529 gold pieces to Gozag.

Inventory:

Hand Weapons
 a - a +5 war axe of electrocution
 f - the +8 demon blade "Leech" (weapon) {vamp, rN+ AC-3 EV-3}

   It inflicts no extra harm, but heals its wielder when it wounds a living foe.
   It affects your AC (-3).
   It affects your evasion (-3).
   It protects you from negative energy.
 m - the +7 war axe "Gerr" {flame, MR+}
   (You bought it in a shop on level 10 of the Dungeon)

   It has been specially enchanted to burn those struck by it, causing extra
   injury to most foes and up to half again as much damage against particularly
   susceptible opponents.
   Big, fiery blades are also staple armaments of hydra-hunters.
   It affects your resistance to hostile enchantments.
Missiles
 i - 127 javelins
 o - 221 sling bullets
 p - 66 exploding tomahawks
 x - 175 bolts
 J - 103 poisoned tomahawks (quivered)
Armour
 v - a +2 robe of positive energy (worn)
 y - a +1 pair of boots of flying (worn)
 z - a +1 hat (worn)
 B - a scarf of spirit shield (worn)
 K - the +1 buckler "Apify" (worn) {Regen+ Str-3 Int+4}
   (You bought it in a shop on level 8 of the Dungeon)

   It affects your strength (-3).
   It affects your intelligence (+4).
   It increases your rate of regeneration.
Jewellery
 j - a ring of protection from magic (right claw)
 l - a ring of poison resistance (left claw)
 F - an amulet of regeneration (around neck)
Wands
 c - a wand of enslavement (12)
 n - a wand of clouds (1)
 t - a wand of acid (11)
 A - a wand of flame (36)
 M - a wand of scattershot (2)
Scrolls
 b - 7 scrolls of teleportation
 h - 3 scrolls of identify
 q - a scroll of blinking
 u - 8 scrolls of remove curse
 C - 3 scrolls of fog
 G - 2 scrolls of immolation
 H - a scroll of amnesia
 I - a scroll of brand weapon
 L - a scroll of vulnerability
Potions
 d - 2 potions of might
 e - 4 potions of agility
 r - a potion of resistance
 w - a potion of ambrosia
 E - 2 potions of brilliance
 N - 4 potions of curing
Miscellaneous
 s - a lightning rod (4/4)
 D - a phial of floods
Comestibles
 g - 21 rations {!d}


   Skills:
 - Level 10.0 Fighting
 - Level 14.0 Long Blades
   Level 0.8 Maces & Flails
 * Level 10.4 Dodging
 - Level 3.0 Stealth
 - Level 7.4 Shields
 * Level 10.0 Spellcasting
 * Level 5.5 Hexes


You had 7 spell levels left.
You knew the following spells:

 Your Spells              Type           Power        Failure   Level  Hunger
a - Shackle               Hex            ####....     1%          2    None
b - Poisonous Vapours     Pois/Air       ##....       11%         2    None
c - Ignite Poison         Fire/Tmut/Pois ##......     21%         3    None
d - Confuse               Hex            ####....     1%          3    None
e - Olgreb's Toxic Radia  Pois           ##......     56%         4    ##.....
f - Inner Flame           Hex/Fire       N/A          7%          3    None
g - Mephitic Cloud        Conj/Pois/Air  ##......     21%         3    None
h - Tukima's Dance        Hex            ####....     1%          3    None
i - Beckoning             Tloc           ##........   21%         3    None

Your spell library contained the following spells:

 Spells                   Type           Power        Failure   Level  Hunger
 Corona                   Hex            ####...      1%          1    None
 Ensorcelled Hibernation  Hex/Ice        ###...       3%          2    None
 Apportation              Tloc           ##....       7%          1    None
 Flame Tongue             Conj/Fire      ##...        7%          1    None
 Sting                    Conj/Pois      ##..         7%          1    None
 Summon Butterflies       Summ           ##......     7%          1    None
 Dazzling Spray           Conj/Hex       ###...       7%          3    None
 False Image              Hex/Summ       ###.....     7%          3    None
 Cause Fear               Hex            ####......   7%          4    ##.....
 Conjure Flame            Conj/Fire      ##......     21%         3    None
 Yara's Violent Unravell  Hex/Tmut       ###.......   22%         4    ##.....
 Sticky Flame             Conj/Fire      ##......     56%         4    ##.....
 Summon Scorpions         Summ/Pois      ##......     56%         4    ##.....
 Invisibility             Hex            ####....     71%         6    ######.
 Alistair's Intoxication  Tmut/Pois      ##......     88%         5    ####...
 Fireball                 Conj/Fire      ##........   88%         5    ####...
 Iskenderun's Battlesphe  Conj/Chrm      ##......     88%         5    ####...
 Venom Bolt               Conj/Pois      ##........   88%         5    ####...
 Freezing Cloud           Conj/Ice/Air   ##........   100%        6    ######.
 Iron Shot                Conj/Erth      ##........   100%        6    ######.
 Poison Arrow             Conj/Pois      ##........   100%        6    ######.
 Orb of Destruction       Conj           ##........   100%        7    #######
 Ring of Flames           Chrm/Fire      ##........   100%        7    #######
 Spellforged Servitor     Conj/Summ      ##........   100%        7    #######


Dungeon Overview and Level Annotations

Branches:
Dungeon (12/12)            Temple (0/1) D:7            Lair (4/6) D:10
  Swamp (0/3) Lair:4        Snake (0/3) Lair:3          Orc (0/1) D:9
 Vaults (0/3) D:12         Depths (0/5) D:12

Altars:
Ashenzari
Gozag
Hepliaklqana
Kikubaaqudgha
Lugonu
Sif Muna
Yredelemnul

Shops:
D:6 [   D:7 %   D:8 [   D:10 (   D:12 (

Annotations:
D:12 exclusion: 4 doors
Lair:3 2 transporters, cirnu's ghost, journeyman VSFi
Lair:4 Nessos


Innate Abilities, Weirdness & Mutations

You have sharp fingernails.
You have a pair of horns on your head.
You have razor-sharp toenails.
You sometimes gain power by taking damage.
You are immune to rotting.


Message History

You feel sick.
Nessos blinks!
You block the elephant's attack. The elephant barely misses you.
Nessos shoots an arrow.
The arrow closely misses you.
Nessos shoots an arrow.
You block the arrow. The elephant tramples you!
You are shoved backwards!
You feel sick. The elephant tramples you!
You are shoved backwards!
You barely miss the elephant.
The elephant is severely wounded.
The elephant barely misses you. x2
Nessos shoots an arrow.
You block the arrow.
Nessos blinks!
You block the elephant's attack. The elephant trunk-slaps you.
Nessos blinks!
Nessos shoots an arrow.
The arrow hits you!!
* * * LOW HITPOINT WARNING * * *
You focus on the pain.
You feel more agile all of a sudden. The arrow burns you.
* * * LOW HITPOINT WARNING * * *
The elephant tramples you!!
You die...
Your body crumbles into a pile of gold.

............. .###............
#P##.#.#P............
.....................
.....................
......................
....................♣ ♣♣♣♣♣♣♣♣
...............@...♣ ♣♣♣P♣P♣P♣P
...P♣...#.#$...Y...♣♣♣♣♣PPPPPPP.♣
..P.≈....#...§...c♣♣♣PPPPPPPP.).P
.≈≈≈≈.≈..$#.......♣P♣PP..........
♣≈≈≈≈≈≈♣.#§$.....♣♣PPP.P....÷....
..≈≈≈≈.♣........♣♣♣♣PPP..........
.≈≈≈≈.≈..#......♣ ♣PPP...÷÷..÷÷..
.≈≈≈≈≈≈.........♣PPPPP....†..P.÷.
..≈≈≈≈≈..#...:..♣PPPP....÷PP≈P..†


You could see Nessos and an elephant.

Vanquished Creatures
  A fire giant (D:12)
  An ironheart preserver (D:12)
  A dire elephant (Lair:4)
  A great orb of eyes (D:12)
  2 yaktaur captains (D:12)
  Erolcha (D:12)
  5 hydras
  Psyche (D:8)
  A two-headed ogre (D:11)
  Erica (D:8)
  4 centaur warriors
  Urug (Lair:1)
  3 skeletal warriors
  A glowing orange brain (D:12)
  2 unseen horrors
  An orc knight (D:12)
  A cyclops (D:12)
  Pikel (D:5)
  3 ugly things
  A manticore (D:11)
  A deep elf mage (D:12)
  Maurice (D:8)
  Joseph (D:9)
  15 elephants (Lair:4)
  4 black mambas
  4 cane toads
  A rime drake (Lair:3)
  An efreet (D:12)
  4 komodo dragons
  A polar bear (Lair:4)
  A tengu conjurer (D:12)
  6 trolls
  A hornet (D:10)
  A tyrant leech (Lair:4)
  21 slime creatures
  Prince Ribbit (D:8)
  5 blink frogs (Lair:3)
  10 hippogriffs
  A spriggan (Lair:4)
  10 yaks
  7 wyverns
  A vampire (D:12)
  2 wraiths
  3 basilisks
  A human (D:9)
  3 vampire mosquitoes (D:8)
  2 hungry ghosts
  A warg (D:9)
  A swamp worm (Lair:4)
  Edmund (D:4)
  A soldier ant (D:11)
  5 water moccasins
  3 porcupines
  2 acid dragons
  8 orc warriors
  2 slaves (D:5)
  An eye of draining (D:10)
  2 ice beasts
  2 sky beasts
  A black bear (D:6)
  A hornet zombie (D:9)
  A necrophage (D:7)
  4 ogres
  4 wolves (Lair:3)
  6 centaurs
  2 crocodiles
  5 big kobolds
  13 bullfrogs
  2 gnoll sergeants (D:6)
  2 scorpions
  8 wights
  4 electric eels
  3 howler monkeys (D:8)
  5 centaur zombies
  5 crimson imps
  2 jellies
  A quasit (D:10)
  6 hounds
  10 orc priests
  Crazy Yiuf (D:7)
  A gnoll shaman (D:6)
  5 centaur skeletons
  2 iguanas
  A bullfrog skeleton (D:7)
  Ijyb (D:4)
  12 orc wizards
  8 hell rats (Lair:4)
  2 worker ants
  Terence (D:2)
  A killer bee zombie (D:6)
  A big kobold zombie (Ossuary)
  2 hound skeletons
  3 mummies
  2 worker ant zombies
  16 gnolls
  A howler monkey skeleton (D:5)
  10 adders
  2 shadow imps
  3 adder zombies
  2 worms
  A dart slug (D:1)
  7 leopard geckos
  58 orcs
  A ball python (D:2)
  2 giant cockroaches
  6 goblins
  3 hobgoblins
  7 jackals (D:6)
  A quokka (D:2)
  9 bats
  A frilled lizard (D:3)
  9 hobgoblin zombies (Ossuary)
  3 jackal zombies (Ossuary)
  24 kobolds
  10 kobold zombies (Ossuary)
  9 orc zombies (Ossuary)
  4 rats
  A rat zombie (Ossuary)
  A spectral orc (D:2)
  2 fungi (Lair:4)
  3 plants (Lair:4)
495 creatures vanquished.

Vanquished Creatures (others)
  A quasit (D:5)
  10 fungi (Lair:4)
  8 plants (Lair:4)
19 creatures vanquished.

Grand Total: 514 creatures vanquished

Notes
Turn   | Place    | Note
-------+----------+-------------------------------------------
     0 | D:1      | Chiseanne the Demonspawn Archaeologist began the quest for
                  | the Orb.
     0 | D:1      | Reached XP level 1. HP: 15/15 MP: 1/1
   420 | D:1      | Gained mutation: You have a pair of small horns on your
                  | head. [demonic ancestry]
   420 | D:1      | Reached XP level 2. HP: 18/22 MP: 2/2
  1164 | D:2      | Gained mutation: You have sharp toenails. [demonic
                  | ancestry]
  1164 | D:2      | Reached XP level 3. HP: 29/29 MP: 3/3
  1263 | D:2      | Found a basalt altar of Yredelemnul.
  1296 | D:2      | Found a corrupted altar of Lugonu.
  1373 | D:2      | Reached skill level 1 in Long Blades
  1440 | D:1      | Reached skill level 2 in Long Blades
  1619 | D:2      | Reached skill level 3 in Long Blades
  1619 | D:2      | Gained mutation: You sometimes gain a little power by
                  | taking damage. [demonic ancestry]
  1619 | D:2      | Reached XP level 4. HP: 31/35 MP: 4/4
  1676 | D:2      | Noticed Terence
  1704 | D:2      | Killed Terence
  1961 | D:3      | Reached skill level 4 in Long Blades
  2359 | D:3      | Reached skill level 5 in Long Blades
  2359 | D:3      | Gained mutation: You have a pair of horns on your head.
                  | [demonic ancestry]
  2359 | D:3      | Reached XP level 5. HP: 11/41 MP: 5/5
  3097 | D:4      | Noticed Ijyb
  3257 | D:4      | Noticed an ogre
  3270 | D:4      | Killed an ogre
  3270 | D:4      | Reached skill level 6 in Long Blades
  3308 | D:4      | Noticed a sky beast
  3462 | D:4      | Killed Ijyb
  3462 | D:4      | Gained mutation: You are immune to rotting. [demonic
                  | ancestry]
  3462 | D:4      | Reached XP level 6. HP: 31/47 MP: 6/6
  3803 | D:4      | Killed a sky beast
  3803 | D:4      | Reached skill level 7 in Long Blades
  4028 | D:4      | Gained mutation: You sometimes gain power by taking damage.
                  | [demonic ancestry]
  4028 | D:4      | Reached XP level 7. HP: 52/52 MP: 7/7
  4070 | D:4      | Noticed Edmund
  4092 | D:4      | Killed Edmund
  4092 | D:4      | Reached skill level 8 in Long Blades
  4367 | D:5      | Entered Level 5 of the Dungeon
  4439 | D:5      | Noticed Pikel
  4559 | D:5      | Killed Pikel
  4559 | D:5      | Reached skill level 9 in Long Blades
  4559 | D:5      | Gained mutation: You have sharp fingernails. [demonic
                  | ancestry]
  4559 | D:5      | Reached XP level 8. HP: 48/58 MP: 8/8
  4865 | D:5      | Found a deep blue altar of Sif Muna.
  4966 | D:6      | Reached skill level 10 in Long Blades
  4987 | D:6      | Found a sand-covered staircase.
  5049 | Ossuary  | Entered an ossuary
  5673 | D:6      | Found an ancient bone altar of Kikubaaqudgha.
  5673 | D:6      | Found a shattered altar of Ashenzari.
  5895 | D:6      | Reached skill level 11 in Long Blades
  5897 | D:6      | Found Zuto's Armour Shoppe.
  5970 | D:6      | Reached XP level 9. HP: 57/63 MP: 9/9
  6858 | D:7      | Reached skill level 12 in Long Blades
  7479 | D:7      | Reached skill level 13 in Long Blades
  7897 | D:7      | Learned a level 2 spell: Shackle
  7987 | D:7      | Found Zexaurri's Food Shoppe.
  8129 | D:7      | Found an opulent altar of Gozag.
  8134 | D:7      | Became a worshipper of Gozag Ym Sagoz the Greedy
  8217 | D:7      | Reached XP level 10. HP: 45/70 MP: 9/11
  8412 | D:7      | Found a staircase to the Ecumenical Temple.
  8465 | D:7      | Found a runed door.
  8757 | D:7      | Noticed Crazy Yiuf
  8762 | D:7      | Killed Crazy Yiuf
  8849 | D:8      | Noticed Erica
  8988 | D:8      | Killed Erica
  8988 | D:8      | Reached skill level 14 in Long Blades
  8995 | D:8      | Reached skill level 1 in Spellcasting
  9216 | D:8      | Noticed Prince Ribbit
  9224 | D:8      | Killed Prince Ribbit
  9421 | D:8      | Noticed Psyche
  9434 | D:8      | Killed Psyche
  9573 | D:8      | Found a hazy altar of Hepliaklqana.
  9603 | D:8      | Killed an unseen horror
  9603 | D:8      | Reached XP level 11. HP: 45/78 MP: 7/15
  9741 | D:8      | Noticed Maurice
  9754 | D:8      | Killed Maurice
  9754 | D:8      | Reached skill level 5 in Fighting
  9978 | D:8      | Bought the +1 buckler "Apify" {Regen+ Str-3 Int+4} for 204
                  | gold pieces
 10029 | D:9      | Found a staircase to the Orcish Mines.
 10029 | D:9      | Noticed a centaur warrior
 10048 | D:9      | Reached skill level 5 in Dodging
 10144 | D:9      | Noticed Joseph
 10166 | D:9      | Killed Joseph
 10166 | D:9      | Reached skill level 1 in Shields
 10423 | D:9      | Killed a centaur warrior
 10519 | D:9      | Reached skill level 5 in Spellcasting
 10661 | D:9      | Found an opulent altar of Gozag.
 10788 | D:10     | Entered Level 10 of the Dungeon
 10788 | D:10     | Noticed a green ugly thing
 10795 | D:9      | Killed a green ugly thing
 10934 | D:10     | Noticed a cyan ugly thing
 10951 | D:10     | HP: 3/83 [cyan ugly thing (12)]
 10957 | D:10     | Killed a cyan ugly thing
 11440 | D:10     | Noticed a six-headed hydra
 11465 | D:10     | Killed a one-headed hydra
 11467 | D:10     | Reached XP level 12. HP: 25/91 MP: 4/20
 11579 | D:10     | Found Kodir's Weapon Shoppe.
 11877 | D:10     | Bought the +7 war axe "Gerr" {flame, MR+} for 700 gold
                  | pieces
 12183 | D:10     | Found a staircase to the Lair.
 12483 | D:11     | Reached skill level 5 in Shields
 13464 | D:11     | Noticed a two-headed ogre
 13473 | D:11     | Killed a two-headed ogre
 13657 | D:12     | Entered Level 12 of the Dungeon
 13775 | D:12     | Noticed an eight-headed hydra
 13816 | D:12     | Found a gate to the Vaults.
 13816 | D:12     | Noticed an ironheart preserver
 13816 | D:12     | Noticed a centaur warrior
 13835 | D:12     | Killed a centaur warrior
 13835 | D:12     | Gained mutation: You have razor-sharp toenails. [demonic
                  | ancestry]
 13835 | D:12     | Reached XP level 13. HP: 40/101 MP: 7/24
 13845 | D:12     | Killed an ironheart preserver
 14100 | D:12     | Noticed a fire giant
 14113 | D:12     | Killed a fire giant
 14404 | D:12     | Found a staircase to the Depths.
 14418 | D:12     | HP: 3/101 [yaktaur captain (24)]
 14677 | D:12     | Learned a level 2 spell: Poisonous Vapours
 14681 | D:12     | Learned a level 3 spell: Ignite Poison
 14685 | D:12     | Learned a level 3 spell: Confuse
 14690 | D:12     | Learned a level 4 spell: Olgreb's Toxic Radiance
 14694 | D:12     | Learned a level 3 spell: Inner Flame
 14698 | D:12     | Learned a level 3 spell: Mephitic Cloud
 14702 | D:12     | Learned a level 3 spell: Tukima's Dance
 14750 | D:12     | Noticed Erolcha
 14756 | D:12     | Killed Erolcha
 14923 | D:12     | Reached skill level 10 in Fighting
 15038 | Lair:1   | Entered Level 1 of the Lair of Beasts
 15084 | Lair:1   | Reached skill level 1 in Hexes
 15112 | Lair:1   | Noticed Urug
 15148 | Lair:1   | Killed Urug
 15904 | Lair:2   | Learned a level 3 spell: Beckoning
 16815 | Lair:3   | Reached XP level 14. HP: 70/110 MP: 13/27
 16903 | Lair:3   | Found a transporter.
 16908 | Lair:3   | Found a transporter.
 16910 | Lair:3   | Noticed cirnu's ghost (journeyman VSFi)
 17152 | Lair:3   | Found a staircase to the Snake Pit.
 17534 | Lair:4   | Reached skill level 10 in Dodging
 17626 | Lair:4   | Found a staircase to the Swamp.
 17793 | Lair:4   | Reached skill level 5 in Hexes
 17851 | Lair:4   | Reached skill level 10 in Spellcasting
 17975 | Lair:4   | Noticed Nessos
 18004 | Lair:4   | Slain by an elephant

Skill      XL: |  1  2  3  4  5  6  7  8  9 10 11 12 13 14 |
---------------+-------------------------------------------+-----
Fighting       | 2 3 4 7 9 10 | 10.0
Long Blades    | 3 5 6 7 9 11 13 14 | 14.0
Dodging        | 4 6 8 9 10 | 10.4
Spellcasting   | 3 5 7 9 10 | 10.0
Shields        | 4 6 7 |  7.4
Hexes          | 3 5 |  5.5
Maces & Flails | |  0.8
Stealth        | |  3.0

Action                   |  1- 3 |  4- 6 |  7- 9 | 10-12 | 13-15 || total
-------------------------+-------+-------+-------+-------+-------++-------
Melee: Whip              |    52 |       |       |       |       ||    52
       Hand axe          |    81 |   104 |       |       |       ||   185
       Headbutt          |    15 |    25 |    74 |   145 |   120 ||   379
       Long sword        |       |    25 |       |       |       ||    25
       Unarmed           |       |     2 |       |       |       ||     2
       Dagger            |       |    19 |   408 |       |       ||   427
       War axe           |       |       |    76 |       |    15 ||    91
       Demon blade       |       |       |    13 |   724 |   503 ||  1240
       Scimitar          |       |       |       |    13 |       ||    13
Throw: Tomahawk          |       |    14 |    27 |    92 |    32 ||   165
Invok: Call Merchant     |       |       |       |     1 |     1 ||     2
Evoke: Wand              |       |       |       |     4 |    13 ||    17
  Use: Scroll            |     4 |     4 |     3 |    11 |     7 ||    29
       Potion            |       |     3 |     3 |     4 |     7 ||    17
 Stab: Sleeping          |     3 |     2 |     8 |     4 |     6 ||    23
       Distracted        |       |       |       |     1 |     2 ||     3
       Confused          |       |       |       |       |     1 ||     1
  Eat: Chunk             |     2 |     8 |    13 |       |       ||    23
       Ration            |       |       |     2 |     7 |     7 ||    16
Armor: Robe              |    17 |       |   140 |    51 |    41 ||   249
       Ring mail         |    34 |    70 |    19 |       |       ||   123
       Skin              |       |    12 |       |       |       ||    12
Dodge: Dodged            |    92 |    92 |   304 |   259 |   220 ||   967
Block: Other             |       |       |       |    16 |       ||    16
       Buckler           |       |       |       |   210 |   230 ||   440
